 Dungeon Crawl Stone Soup version 0.29.0-4-gdea44cf6ec (webtiles) character file.

Game seed: 6376016341323298582

1066 qw the Cleaver (level 8, -7/63 HPs)
             Began as a Barachi Chaos Knight on Sept 7, 2022.
             Mangled by Prince Ribbit (8 damage)
             ... on level 5 of the Dungeon.
             The game lasted 00:02:32 (4968 turns).

qw the Cleaver (Barachi Chaos Knight)               Turns: 4968, Time: 00:02:32

Health: -7/63      AC: 19    Str: 14    XL:     8   Next: 28%
Magic:  8/8        EV:  6    Int: 12    God:
Gold:   188        SH:  4    Dex: 12    Spells: 7/7 levels left

rFire   . . .      SeeInvis .   d - +0 war axe
rCold   + . .      Faith    .   o - +0 buckler
rNeg    . . .      Spirit   .   b - +4 chain mail {rC+}
rPois   .          Reflect  .   h - +0 helmet
rElec   .          Harm     .   l - +0 cloak
rCorr   .          Rampage  .   (no gloves)
Will    .....                   (no boots)
Stlth   ..........              k - amulet of regeneration
HPRegen 0.00/turn               i - +4 ring of protection
MPRegen 0.11/turn               (no ring)

@: about to teleport, marked, inhibited regen, slow
A: amphibious, slowness 1, strong legs 1, +LOS, inhibited regeneration, weak 1,
evolution 1, inability to drink after injury 1
a: Hop


You were on level 5 of the Dungeon.
You visited 1 branch of the dungeon, and saw 5 of its levels.

You collected 188 gold pieces.


Innate Abilities, Weirdness & Mutations

You are amphibious.
You cover ground slowly.
You can hop short distances.
You have an extended range of vision and can be seen from far away.
You do not regenerate when monsters are visible.
You are weak. (Str -2)
You have hidden genetic potential.
You occasionally lose the ability to drink potions when taking damage.


   Skills:
 + Level 5.5 Fighting
 - Level 9.0 Axes
 - Level 4.2 Armour
 - Level 1.7 Dodging
 - Level 3.0 Shields


You had 7 spell levels left.
You didn't know any spells.
Your spell library was empty.

Inventory:

Hand Weapons
 d - a +0 war axe (weapon)
 p - a +0 flail
Armour
 b - a +4 chain mail of cold resistance (worn)
 h - a +0 helmet (worn)
 l - a +0 cloak (worn)
 o - a +0 buckler (worn)
Jewellery
 i - a +4 ring of protection (left hand)
 k - an amulet of regeneration (around neck)
Scrolls
 a - a scroll of identify
 e - a scroll of enchant armour {unknown}
Potions
 f - a potion of heal wounds {unknown}
 g - 3 potions of curing
 j - a potion of ambrosia {unknown}
 m - a potion of mutation {unknown}
 q - a potion of attraction {unknown}
 s - a potion of haste {unknown}
Miscellaneous
 c - a piece from Xom's chessboard (15/15)

Dungeon Overview and Level Annotations

Branches:
Dungeon (5/15)
 Temple: D:4-7

Altars:
Ashenzari
Nemelex Xobeh
Qazlal
Sif Muna
Xom
Yredelemnul

Annotations:
D:4 3 runed translucent doors, qw's ghost, amateur MiBe
D:5 Prince Ribbit


Message History

The gnoll bouda calls upon its god to heal the gnoll.
The gnoll is healed somewhat.
A scorpion comes into view.
You slash the gnoll!
You kill the gnoll!
You hit the necrophage but do no damage.
You hit the adder but do no damage.
You hit the gnoll bouda but do no damage.
You hit the gnoll. x2; You closely miss the gnoll.
You closely miss the gnoll bouda. The gnoll barely misses you.
The necrophage hits you but does no damage.
The gnoll bouda calls upon its god to heal the gnoll.
The gnoll's wounds heal themselves!
The adder bites you but does no damage.
A hound comes into view.
The gnoll hits you but does no damage.
The gnoll hits you from afar with a +0 spear.
The gnoll hits you with a +0 whip. You block the gnoll's attack.
The gnoll bouda hits you but does no damage.
You slash the gnoll!
You kill the gnoll!
You barely miss the gnoll. You slash the gnoll! You hit the gnoll bouda.
You closely miss the necrophage. You hit the adder but do no damage.
You hit the gnoll bouda. You hit the gnoll.
Your surroundings suddenly seem different.
Found a stone staircase leading down.
Enter note: Prince Ribbit lets out a mournful croak.
Prince Ribbit blinks!
4964 ||| Stepping ~*~*~tactically~*~*~ (hiding).
The gnoll is no longer moving quickly.
4965 ||| Stepping ~*~*~tactically~*~*~ (hiding).
Your attacks no longer feel as feeble.
4967 ||| READING scroll of teleportation.
As you read the scroll of teleportation, it crumbles to dust.
You feel strangely unstable. Prince Ribbit hits you.
You completely miss Prince Ribbit. You barely miss the scorpion.
Prince Ribbit hits you!
You die...

.........#..##.............
...g.....# #......g......
.......... #......n......
....g... #.............
##....g.....s.
##....g#....h ##.# #
###gg###.##. #@Fh........
#.s......### #...........
#........### #.........##
##........# ..........#
.....>.....# .###..###...#


You could see Prince Ribbit, a gnoll bouda, a scorpion, a hound and 2 gnolls.

Vanquished Creatures
  Menkaure (D:4)
  An ice beast (D:5)
  An ogre (D:5)
  A phantom (D:4)
  A scorpion (D:4)
  A centaur zombie (D:4)
  4 crimson imps
  A hound (D:4)
  A jelly (D:4)
  An orc priest (D:3)
  Ijyb (D:4)
  Natasha (thrice) (D:2)
  2 orc wizards (D:3)
  A howler monkey zombie (D:4)
  5 adders
  7 gnolls
  An ufetubus (D:4)
  2 worms
  6 dart slugs
  13 orcs
  7 bats
  9 endoplasms
  3 giant cockroaches
  7 goblins
  2 hobgoblins
  2 jackals (D:4)
  3 quokkas
  5 ball pythons
  4 frilled lizards
  4 kobolds
  3 rats
103 creatures vanquished.

Notes
Turn   | Place    | Note
-------+----------+-------------------------------------------
     0 | D:1      | qw the Barachi Chaos Knight began the quest for the Orb.
     0 | D:1      | Reached XP level 1. HP: 18/18 MP: 1/1
     0 | D:1      | 0 ||| qw: Version: 0.1-a-108-g9e35731
     0 | D:1      | 0 ||| qw: Game counter: 6434
     0 | D:1      | 0 ||| qw: Always use a shield: true
     0 | D:1      | 0 ||| qw: God list: Okawaru
     0 | D:1      | 0 ||| qw: Allow faded altars: false
     0 | D:1      | 0 ||| qw: Do Orc after D:15 true
     0 | D:1      | 0 ||| qw: Do second Lair branch before Depths: true
     0 | D:1      | 0 ||| qw: Lair rune preference: random
     0 | D:1      | 0 ||| qw: Plans: Normal
     0 | D:1      | 0 ||| PLANNING D:1-11
     0 | D:1      | Fell from the grace of Xom
    68 | D:1      | 68 ||| Stepping ~*~*~tactically~*~*~ (hiding).
   170 | D:1      | 170 ||| Stepping ~*~*~tactically~*~*~ (hiding).
   272 | D:1      | 272 ||| Stepping ~*~*~tactically~*~*~ (hiding).
   350 | D:1      | 350 ||| Stepping ~*~*~tactically~*~*~ (stealth).
   351 | D:1      | 351 ||| Stepping ~*~*~tactically~*~*~ (stealth).
   356 | D:1      | 356 ||| Stepping ~*~*~tactically~*~*~ (stealth).
   358 | D:1      | Reached XP level 2. HP: 23/24 MP: 2/2
   372 | D:1      | 372 ||| DROPPING +0 club.
   411 | D:1      | Reached skill level 4 in Axes
   504 | D:1      | Found a faded altar of an unknown god.
   695 | D:1      | 695 ||| Stepping ~*~*~tactically~*~*~ (stealth).
   705 | D:1      | Reached XP level 3. HP: 11/29 MP: 3/3
  1028 | D:1      | HP: 6/29 [quokka (3)]
  1115 | D:1      | 1115 ||| Stepping ~*~*~tactically~*~*~ (stealth).
  1641 | D:1      | 1641 ||| UPGRADING to +0 cloak.
  1646 | D:1      | 1646 ||| UPGRADING to amulet of regeneration.
  1651 | D:1      | 1651 ||| READING 3 scrolls labelled DEORAG LUL.
  1652 | D:1      | 1652 ||| READING scroll labelled WESEVV LINKAR.
  1653 | D:1      | 1653 ||| READING scroll labelled VUIQ CADOCW.
  1654 | D:1      | 1654 ||| READING scroll labelled ALOLOEKURA.
  1658 | D:1      | 1658 ||| READING scroll labelled TEEKHO BATIRE.
  1659 | D:1      | 1659 ||| READING 2 scrolls of identify.
  1659 | D:1      | 1659 ||| IDENTIFYING green potion
  1688 | D:2      | You fall into a shaft and drop 2 floors!
  1706 | D:4      | Noticed a scorpion
  1719 | D:4      | Killed a scorpion
  1720 | D:4      | Reached skill level 5 in Axes
  1720 | D:4      | Reached XP level 4. HP: 22/36 MP: 4/4
  1770 | D:4      | Found a runed translucent gate.
  1770 | D:4      | Found a runed translucent gate.
  1770 | D:4      | Found a runed translucent gate.
  1770 | D:4      | Noticed qw's ghost (amateur MiBe)
  1772 | D:4      | 1772 ||| Stepping randomly (stuck).
  1774 | D:4      | 1774 ||| Stepping randomly (stuck).
  1782 | D:4      | 1782 ||| Stepping randomly (stuck).
  1782 | D:4      | Found a basalt altar of Yredelemnul.
  1783 | D:4      | 1783 ||| Stepping randomly (stuck).
  1784 | D:4      | 1784 ||| Stepping randomly (stuck).
  1786 | D:4      | 1786 ||| Stepping randomly (stuck).
  1787 | D:4      | 1787 ||| Stepping randomly (stuck).
  1788 | D:4      | 1788 ||| Stepping randomly (stuck).
  1789 | D:4      | 1789 ||| Stepping randomly (stuck).
  1790 | D:4      | 1790 ||| Stepping randomly (stuck).
  1796 | D:4      | Reached skill level 6 in Axes
  1796 | D:4      | Reached XP level 5. HP: 41/41 MP: 5/5
  1955 | D:3      | 1955 ||| Stepping ~*~*~tactically~*~*~ (stealth).
  2005 | D:2      | 2005 ||| Stepping ~*~*~tactically~*~*~ (stealth).
  2008 | D:2      | 2008 ||| Stepping ~*~*~tactically~*~*~ (stealth).
  2070 | D:2      | 2070 ||| Stepping ~*~*~tactically~*~*~ (stealth).
  2072 | D:2      | 2072 ||| Stepping ~*~*~tactically~*~*~ (hiding).
  2073 | D:2      | 2073 ||| Stepping ~*~*~tactically~*~*~ (hiding).
  2161 | D:2      | XOM: 5-stop teleportation journey
  2247 | D:2      | 2247 ||| Stepping ~*~*~tactically~*~*~ (hiding).
  2249 | D:2      | 2249 ||| Stepping ~*~*~tactically~*~*~ (hiding).
  2250 | D:2      | 2250 ||| Stepping ~*~*~tactically~*~*~ (hiding).
  2488 | D:2      | 2488 ||| Stepping ~*~*~tactically~*~*~ (hiding).
  2590 | D:2      | 2590 ||| Stepping ~*~*~tactically~*~*~ (hiding).
  2692 | D:2      | 2692 ||| Stepping ~*~*~tactically~*~*~ (hiding).
  2722 | D:2      | XOM: stat loss: -1 Str (15/16)
  2814 | D:2      | 2814 ||| Stepping ~*~*~tactically~*~*~ (stealth).
  2874 | D:2      | Noticed Natasha
  2875 | D:2      | 2875 ||| Stepping ~*~*~tactically~*~*~ (hiding).
  2876 | D:2      | 2876 ||| Stepping ~*~*~tactically~*~*~ (hiding).
  2877 | D:2      | 2877 ||| Stepping ~*~*~tactically~*~*~ (hiding).
  2887 | D:2      | Killed Natasha
  2976 | D:2      | XOM: torment (22/42 hp)
  3070 | D:2      | 3070 ||| Stepping ~*~*~tactically~*~*~ (stealth).
  3072 | D:2      | 3072 ||| Stepping ~*~*~tactically~*~*~ (stealth).
  3101 | D:2      | Noticed Natasha
  3102 | D:2      | 3102 ||| Stepping ~*~*~tactically~*~*~ (hiding).
  3112 | D:2      | Killed Natasha
  3113 | D:2      | Reached skill level 7 in Axes
  3113 | D:2      | Reached XP level 6. HP: 43/48 MP: 6/6
  3119 | D:2      | Noticed Natasha
  3125 | D:2      | Killed Natasha
  3313 | D:2      | 3313 ||| UPGRADING to +0 chain mail.
  3323 | D:2      | 3323 ||| DROPPING +2 leather armour.
  3324 | D:2      | 3324 ||| UPGRADING to +0 buckler.
  3329 | D:2      | 3329 ||| UPGRADING to +4 ring of protection.
  3330 | D:2      | 3330 ||| READING scroll labelled ADWIAK BALEL.
  3394 | D:3      | Found a shimmering blue altar of Sif Muna.
  3406 | D:3      | Reached skill level 1 in Shields
  3406 | D:3      | 3406 ||| FLEEEEING.
  3407 | D:3      | 3407 ||| FLEEEEING.
  3408 | D:3      | 3408 ||| FLEEEEING.
  3409 | D:3      | 3409 ||| FLEEEEING.
  3410 | D:3      | 3410 ||| FLEEEEING.
  3411 | D:3      | 3411 ||| FLEEEEING.
  3414 | D:3      | 3414 ||| FLEEEEING.
  3415 | D:3      | 3415 ||| FLEEEEING.
  3416 | D:3      | 3416 ||| FLEEEEING.
  3435 | D:3      | 3435 ||| DROPPING +0 whip.
  3446 | D:3      | 3446 ||| READING 3 scrolls of enchant weapon.
  3446 | D:3      | 3446 ||| ENCHANTING +1 hand axe of chaos.
  3447 | D:3      | 3447 ||| READING 2 scrolls of enchant weapon.
  3447 | D:3      | 3447 ||| ENCHANTING +2 hand axe of chaos.
  3448 | D:3      | 3448 ||| READING scroll of enchant weapon.
  3448 | D:3      | 3448 ||| ENCHANTING +3 hand axe of chaos.
  3484 | D:3      | 3484 ||| Stepping ~*~*~tactically~*~*~ (stealth).
  3488 | D:3      | 3488 ||| Stepping ~*~*~tactically~*~*~ (stealth).
  3490 | D:3      | 3490 ||| Stepping ~*~*~tactically~*~*~ (stealth).
  3497 | D:3      | 3497 ||| Stepping ~*~*~tactically~*~*~ (hiding).
  3510 | D:3      | XOM: give mutations
  3510 | D:3      | Gained mutation: You do not regenerate when monsters are
                  | visible. [Xom's mischief]
  3510 | D:3      | Gained mutation: You are weak. (Str -2) [Xom's mischief]
  3530 | D:3      | Reached skill level 3 in Armour
  3531 | D:3      | XOM: polymorph orc -> dart slug
  3605 | D:3      | 3605 ||| Stepping ~*~*~tactically~*~*~ (stealth).
  3631 | D:3      | 3631 ||| Stepping ~*~*~tactically~*~*~ (stealth).
  3690 | D:3      | 3690 ||| Stepping ~*~*~tactically~*~*~ (stealth).
  3693 | D:3      | 3693 ||| Stepping ~*~*~tactically~*~*~ (stealth).
  3694 | D:3      | 3694 ||| Stepping ~*~*~tactically~*~*~ (stealth).
  3716 | D:3      | 3716 ||| STAIRDANCE
  3748 | D:2      | 3748 ||| READING scroll labelled DOMAGR SACHASK.
  3749 | D:2      | 3749 ||| READING 2 scrolls of identify.
  3749 | D:2      | 3749 ||| IDENTIFYING glowing orange potion
  3750 | D:2      | 3750 ||| DROPPING potion of lignification.
  3753 | D:3      | 3753 ||| STAIRDANCE
  3758 | D:2      | Reached XP level 7. HP: 54/54 MP: 7/7
  3760 | D:3      | 3760 ||| STAIRDANCE
  3764 | D:3      | 3764 ||| STAIRDANCE
  3780 | D:3      | Found a shimmering altar of Xom.
  4004 | D:4      | Noticed Ijyb
  4005 | D:4      | 4005 ||| Stepping ~*~*~tactically~*~*~ (stealth).
  4021 | D:4      | 4021 ||| Stepping ~*~*~tactically~*~*~ (hiding).
  4034 | D:4      | Killed Ijyb
  4035 | D:4      | Reached skill level 8 in Axes
  4059 | D:4      | Found a stormy altar of Qazlal.
  4064 | D:4      | Noticed a water elemental
  4064 | D:4      | Noticed a fire elemental
  4069 | D:4      | Found a broken altar of Ashenzari.
  4093 | D:4      | Noticed Menkaure
  4094 | D:4      | 4094 ||| Stepping ~*~*~tactically~*~*~ (hiding).
  4108 | D:4      | Killed Menkaure
  4140 | D:4      | 4140 ||| Stepping ~*~*~tactically~*~*~ (stealth).
  4143 | D:4      | 4143 ||| Stepping ~*~*~tactically~*~*~ (stealth).
  4144 | D:4      | 4144 ||| Stepping ~*~*~tactically~*~*~ (stealth).
  4146 | D:4      | 4146 ||| Stepping ~*~*~tactically~*~*~ (hiding).
  4149 | D:4      | 4149 ||| Stepping ~*~*~tactically~*~*~ (hiding).
  4150 | D:4      | 4150 ||| Stepping ~*~*~tactically~*~*~ (hiding).
  4151 | D:4      | 4151 ||| Stepping ~*~*~tactically~*~*~ (hiding).
  4160 | D:4      | 4160 ||| Stepping ~*~*~tactically~*~*~ (stealth).
  4161 | D:4      | 4161 ||| Stepping ~*~*~tactically~*~*~ (stealth).
  4162 | D:4      | 4162 ||| Stepping ~*~*~tactically~*~*~ (stealth).
  4185 | D:4      | 4185 ||| FLEEEEING.
  4194 | D:4      | XOM: give mutations
  4194 | D:4      | Gained mutation: You have hidden genetic potential. [Xom's
                  | mischief]
  4194 | D:4      | Gained mutation: You occasionally lose the ability to drink
                  | potions when taking damage. [Xom's mischief]
  4348 | D:4      | Noticed an air elemental
  4390 | D:4      | 4390 ||| Stepping ~*~*~tactically~*~*~ (stealth).
  4473 | D:4      | XOM: noise
  4559 | D:4      | 4559 ||| UPGRADING to +4 chain mail of cold resistance.
  4569 | D:4      | 4569 ||| UPGRADING to +0 helmet.
  4574 | D:4      | 4574 ||| DROPPING +0 chain mail.
  4575 | D:4      | 4575 ||| READING scroll labelled YSESSISARO.
  4576 | D:4      | 4576 ||| READING 2 scrolls of identify.
  4576 | D:4      | 4576 ||| IDENTIFYING golden potion
  4577 | D:4      | 4577 ||| DROPPING potion of invisibility.
  4819 | D:3      | Found a sparkling altar of Nemelex Xobeh.
  4826 | D:3      | 4826 ||| SWAPPING to +0 war axe.
  4827 | D:3      | 4827 ||| DROPPING +4 hand axe of chaos.
  4870 | D:5      | Entered Level 5 of the Dungeon
  4891 | D:5      | 4891 ||| Stepping ~*~*~tactically~*~*~ (stealth).
  4896 | D:5      | Reached XP level 8. HP: 56/62 MP: 8/8
  4896 | D:5      | 4896 ||| Stepping ~*~*~tactically~*~*~ (stealth).
  4898 | D:5      | 4898 ||| Stepping ~*~*~tactically~*~*~ (stealth).
  4899 | D:5      | 4899 ||| Stepping ~*~*~tactically~*~*~ (stealth).
  4945 | D:5      | 4945 ||| Stepping ~*~*~tactically~*~*~ (stealth).
  4955 | D:5      | Reached skill level 9 in Axes
  4955 | D:5      | Noticed Prince Ribbit
  4957 | D:5      | Reached skill level 3 in Shields
  4957 | D:5      | HP: 11/62 [gnoll bouda/+0 whip (8)]
  4958 | D:5      | 4958 ||| READING 2 scrolls of teleportation.
  4960 | D:5      | HP: 5/62 [gnoll/+0 spear[a gnoll bouda] (3)]
  4960 | D:5      | HP: 2/62 [gnoll/+0 whip[a gnoll bouda] (3)]
  4964 | D:5      | 4964 ||| Stepping ~*~*~tactically~*~*~ (hiding).
  4965 | D:5      | 4965 ||| Stepping ~*~*~tactically~*~*~ (hiding).
  4967 | D:5      | 4967 ||| READING scroll of teleportation.
  4967 | D:5      | HP: 1/63 [Prince Ribbit (2)]
  4968 | D:5      | Mangled by Prince Ribbit

Levels and vault maps discovered:
D:1:      lemuel_arrival_rhombus, layout_loops_ring,
          hellmonk_ecumenical_altar_leap_of_faith, chequers_arboretum
D:2:      layout_basic, grunt_decor_one_mirror, minmay_misc_feat_rows,
          uniq_natasha
D:3:      layout_rooms, led_xom_imps, mainiacjoe_overflow_cross_hatched,
          nicolae_overflow_hidden_temple, uniq_crazy_yiuf_cottage
D:4:      layout_cave_pools, nicolae_qazlal_style_of_elements,
          nicolae_yredelemnul_ghost_church, ashenzari_conservatory_becter,
          kennysheep_generic_room_5, uniq_menkaure, uniq_ijyb
D:5:      layout_rooms, vehumet_altar_wand_db, ebering_ghost_sewer_d,
          chequers_serial_rivers_room_a, uniq_prince_ribbit1, uniq_eustachio

Skill      XL: |  1  2  3  4  5  6  7  8 |
---------------+-------------------------+-----
Axes           | 4 5 6 7 8 9 |  9.0
Fighting       | 4 5 |  5.5
Shields        | 2 3 |  3.0
Armour         | 3 4 |  4.2
Dodging        | |  1.7

Action                   |  1- 3 |  4- 6 |  7- 9 || total
-------------------------+-------+-------+-------++-------
Melee: Hand axe          |    85 |   148 |    95 ||   328
       War axe           |       |       |    33 ||    33
Invok: Renounce Religion |     1 |       |       ||     1
  Use: Scroll            |     6 |     6 |     4 ||    16
 Stab: Petrified         |       |     2 |       ||     2
       Invisible         |       |       |     2 ||     2
Armor: Leather armour    |    25 |    33 |       ||    58
       Chain mail        |       |    26 |   100 ||   126
Dodge: Dodged            |    42 |    57 |    44 ||   143
Block: Buckler           |       |     5 |    24 ||    29

Table legend:
 A = Non-vault XP
 B = Vault XP
 C = Vault XP percentage of total XP
 D = Non-vault monster count
 E = Vault monster count
 F = Vault count percentage of total count
                 A         B        C        D         E       F
            +---------+---------+-------+---------+---------+-------
      Total |    1010 |     513 |  33.7 |      92 |      11 |  10.7
            +---------+---------+-------+---------+---------+-------
        D:1 |      56 |       0 |   0.0 |      22 |       0 |   0.0
        D:2 |     121 |     135 |  52.7 |      16 |       3 |  15.8
        D:3 |     164 |      98 |  37.4 |      26 |       2 |   7.1
        D:4 |     320 |     280 |  46.7 |      18 |       6 |  25.0
        D:5 |     349 |       0 |   0.0 |      10 |       0 |   0.0
            +---------+---------+-------+---------+---------+-------
